 Dungeon Crawl Stone Soup version bcrawl-1.27.1d (webtiles) character file.

Game seed: 14352926533830005126

254667 Niddhogr the Magician (level 9, 0/51 HPs)
             Began as a Demonspawn Conjurer on July 16, 2020.
             Was an Initiate of Gozag.
             Slain by a tengu warrior
             ... wielding a +3 great sword
              (2 damage)
             ... on level 7 of the Dungeon.
             The game lasted 00:22:13 (7091 turns).

Niddhogr the Magician (Demonspawn Conjurer)         Turns: 7091, Time: 00:22:14

Health: 0/51       AC:  6    Str:  8    XL:     9   Next: 35%
Magic:  0/20       EV: 12    Int: 20    God:    Gozag
Gold:   718        SH:  0    Dex: 14    Spells: 8/23 levels left

rFire    . . .     SeeInvis .   v - +1 dagger (venom)
rCold    . . .     Gourm    .   (no shield)
rNeg     + . .     Faith    .   a - +0 robe
rPois    .         Spirit   .   (helmet restricted)
rElec    +         Reflect  .   (no cloak)
rCorr    .         Harm     .   (no gloves)
MR       .....                  (no boots)
Stlth    ++........             (no amulet)
HPRegen  0.17/turn              N - ring of positive energy {rN+}
MPRegen  0.17/turn              (no ring)

@: no status effects
A: hooves 1, horns 1, thin metallic scales 3, demonic guardian 1, frail 1
a: Potion Petition, Call Merchant, Bribe Branch, Renounce Religion


You were on level 7 of the Dungeon.
You worshipped Gozag.
Gozag was pleased with you.
You were near starving.

You visited 1 branch of the dungeon, and saw 7 of its levels.

You collected 804 gold pieces.
You paid 86 gold pieces to Gozag.

Inventory:

Hand Weapons
 v - a +1 dagger of venom (weapon)
 w - a +3 blowgun
 z - a +0 trident
Missiles
 b - 217 arrows
 m - 257 poisoned needles
Armour
 a - a +0 robe (worn)
 h - a +0 buckler
Jewellery
 N - a ring of positive energy (left hand) {rN+}
Scrolls
 d - a scroll of remove curse
 f - a scroll of fog
 j - 2 scrolls of immolation {!r}
 k - 4 scrolls of enchant armour
 s - a scroll of magic mapping {unknown}
 t - 3 scrolls of teleportation
 x - 2 scrolls of amnesia {unknown}
 y - a scroll of enchant weapon
Potions
 c - a potion of magic
 g - 3 potions of resistance
 i - a potion of brilliance {unknown}
 l - a potion of invisibility
 o - 2 potions of flight
 p - a potion of degeneration {!q}
 q - a potion of curing
 r - 2 potions of heal wounds
Comestibles
 e - 10 rations {!d}


   Skills:
 + Level 7.1 Polearms
 - Level 1.7 Dodging
 - Level 2.0 Stealth
 - Level 7.6 Spellcasting
 + Level 7.3 Conjurations


You had 8 spell levels left.
You knew the following spells:

 Your Spells              Type           Power        Failure   Level  Hunger
a - Magic Dart            Conj           ####         1%          1    None
b - Searing Ray           Conj           #####...     1%          2    None
c - Fulminant Prism       Conj/Hex       ###.......   19%         4    ###....
d - Irradiate             Conj/Tmut      ###.......   47%         5    #####..
x - Iskenderun's Mystic   Conj           #####...     1%          3    None

Your spell library contained the following spells:

 Spells                   Type           Power        Failure   Level  Hunger


Dungeon Overview and Level Annotations

Branches:
Dungeon (7/12)             Temple (0/1) D:4
   Lair: D:7-9

Altars:
Dithmenos
Gozag
Kikubaaqudgha
Nemelex Xobeh
Ru
The Shining One

Shops:
D:4 !   D:6 }


Innate Abilities, Weirdness & Mutations

You have a pair of small horns on your head.
You are completely covered in thin metallic scales. (AC +4, rElec)
A weak demonic guardian rushes to your aid.
You have large cloven feet.
You are frail. (-10% HP)


Message History

The tengu warrior easily resists.
The now-empty wand crumbles to dust.
Your iron imp disappears in a puff of smoke!
You swap places.
The tengu warrior hits your quasit with a +3 great sword!!
Your quasit dies!
An orc warrior comes into view. It is wielding a +0 war axe.
You are near starving!
The teleport trap disappears.
The orc warrior disappears!
The orc warrior moves out of view.
Okay, then.
Aim: a tengu warrior, wielding a +3 great sword and wearing a +3 ring mail (severely wounded)
The orb of energy hits the tengu warrior!
* * * LOW MAGIC WARNING * * *
The tengu warrior hits you with a +3 great sword.
* * * LOW HITPOINT WARNING * * *
The tengu warrior pecks you.
* * * LOW HITPOINT WARNING * * *
The tengu warrior claws you.
You die...
Your body crumbles into a pile of gold.

#............# #....
##........#.## .....
#....#.....###..#
#....#.........#
##..##........###
#####.##.......#
...... ##...###......#
...... #...###.......#
.....
##....##.@.##.####....
##.#....#Q.....#...#
###....#..<..##...#
##..........#...#
##.......##...#
#....##.....##
#..........##
##.....#..##
########.#


You could see a tengu warrior.

Levels and vault maps discovered:
D:1:      ebering_trefoil_3fold, layout_basic, minmay_distorted
D:2:      layout_basic
D:3:      layout_basic, marbit_many_paths, nicolae_ru_great_annihilating_truth,
          first_ration, chequers_serial_rivers_small_3, uniq_robin
D:4:      layout_loops_ring, nemelex_xobeh_ov_fountains_minmay,
          grunt_gozag_statues, temple_pool_b, serial_shops,
          kennysheep_mini_moat, dk_noncrumbling_4, kennysheep_generic_room_12
D:5:      layout_gridville
D:6:      layout_loops_corners, kennysheep_mini, serial_shops, shop,
          basic_altar, nrook_uturn
D:7:      layout_cave_pools, eat_drink_and_be_merry_uskayaw

Notes
Turn   | Place    | Note
-------+----------+-------------------------------------------
     0 | D:1      | Niddhogr the Demonspawn Conjurer began the quest for the
                  | Orb.
     0 | D:1      | Reached XP level 1. HP: 13/13 MP: 3/3
   110 | D:1      | Identified a scroll of identify
   122 | D:1      | Identified a +0 club
   133 | D:1      | Identified a +0 spear (You found it on level 1 of the
                  | Dungeon)
   272 | D:1      | Gained mutation: You are partially covered in thin metallic
                  | scales. (AC +2) [demonic ancestry]
   272 | D:1      | Reached XP level 2. HP: 19/19 MP: 3/5
   278 | D:1      | Identified a +0 club
   280 | D:1      | Identified a cursed -3 hand axe (You found it on level 1 of
                  | the Dungeon)
   292 | D:1      | Identified a scroll of remove curse
   399 | D:1      | Identified a +0 club
   500 | D:1      | Identified a +0 club
   652 | D:1      | Identified a +0 dagger
   871 | D:1      | Reached XP level 3. HP: 24/24 MP: 3/6
   938 | D:1      | Identified a +0 dagger
  1056 | D:1      | Reached skill level 5 in Conjurations
  1346 | D:2      | Identified a +0 club
  1478 | D:2      | Identified a scroll of immolation
  1489 | D:2      | Identified a +0 flail
  1579 | D:2      | Identified a +0 club
  1585 | D:2      | Identified a potion of heal wounds
  1586 | D:2      | Identified a potion of resistance
  1641 | D:2      | Identified a +0 dagger
  1645 | D:2      | Identified a +0 club
  1697 | D:2      | Reached skill level 1 in Polearms
  1731 | D:2      | Identified a +0 club
  1732 | D:2      | Reached XP level 4. HP: 30/30 MP: 5/7
  1931 | D:2      | Learned a level 2 spell: Searing Ray
  1935 | D:2      | Learned a level 3 spell: Iskenderun's Mystic Blast
  2013 | D:2      | Identified a +0 short sword
  2079 | D:2      | Identified a +0 club
  2352 | D:2      | Reached skill level 3 in Spellcasting
  2420 | D:3      | Identified a cursed -2 club
  2420 | D:3      | Identified a +3 blowgun
  2467 | D:3      | Found a glowing golden altar of the Shining One.
  2528 | D:3      | Identified a +0 dagger
  2528 | D:3      | Identified a cursed +0 ring mail
  2528 | D:3      | Identified a +0 dagger
  2528 | D:3      | Identified a cursed +0 robe
  2613 | D:3      | Identified a +0 dagger
  2613 | D:3      | Identified a +0 robe
  2663 | D:3      | Reached skill level 2 in Polearms
  2663 | D:3      | Gained mutation: You are mostly covered in thin metallic
                  | scales. (AC +3) [demonic ancestry]
  2663 | D:3      | Reached XP level 5. HP: 31/35 MP: 9/9
  2733 | D:3      | Learned a level 4 spell: Fulminant Prism
  2774 | D:3      | Identified a +0 falchion
  2774 | D:3      | Identified a +0 ring mail
  2774 | D:3      | Identified a cursed -1 club
  2953 | D:3      | Identified a cursed -3 dagger
  2975 | D:3      | Identified a +0 club
  2976 | D:3      | Identified a +0 club
  2976 | D:3      | Identified a +0 club
  2976 | D:3      | Identified a +0 dagger
  2977 | D:3      | Identified a +0 spear
  2977 | D:3      | Identified a +0 animal skin
  2977 | D:3      | Identified a +0 helmet
  2977 | D:3      | Noticed Robin
  2977 | D:3      | Identified a +0 dagger
  2977 | D:3      | Identified a +0 leather armour
  2979 | D:3      | Identified a +0 dagger
  2980 | D:3      | Identified a +0 scale mail
  2988 | D:3      | Identified a +0 club
  3009 | D:3      | Identified a +0 club
  3144 | D:3      | Identified a +0 scale mail
  3180 | D:3      | Killed Robin
  3242 | D:3      | Found a sacrificial altar of Ru.
  3347 | D:3      | Identified a cursed -2 flail (You found it on level 3 of
                  | the Dungeon)
  3351 | D:3      | Identified a potion of curing
  3352 | D:3      | Identified a potion of degeneration
  3603 | D:3      | Identified a +1 dagger of venom
  3603 | D:3      | Identified a +0 robe
  3613 | D:3      | Reached skill level 3 in Polearms
  3613 | D:3      | Gained mutation: You are completely covered in thin
                  | metallic scales. (AC +4, rElec) [demonic ancestry]
  3613 | D:3      | Reached XP level 6. HP: 28/41 MP: 0/10
  3764 | D:3      | Identified a +0 short sword
  3764 | D:3      | Identified a +0 blowgun
  3899 | D:4      | Identified a +0 giant club
  3935 | D:4      | Reached skill level 6 in Conjurations
  3945 | D:4      | Found a staircase to the Ecumenical Temple.
  3949 | D:4      | Identified a ring of positive energy (You found it on level
                  | 4 of the Dungeon)
  4012 | D:4      | Identified a +1 vampiric short sword
  4026 | D:4      | Found an opulent altar of Gozag.
  4034 | D:4      | Became a worshipper of Gozag Ym Sagoz the Greedy
  4098 | D:4      | Identified a +0 giant spiked club
  4171 | D:4      | Identified 2 scrolls of teleportation
  4172 | D:4      | Identified a potion of flight
  4173 | D:4      | Identified a potion of invisibility
  4195 | D:4      | Identified a +0 falchion
  4195 | D:4      | Identified a +0 scale mail
  4247 | D:4      | Identified a +0 dagger
  4247 | D:4      | Identified a +0 robe
  4247 | D:4      | Identified a +0 falchion
  4247 | D:4      | Identified a +0 ring mail
  4247 | D:4      | Identified a +0 scale mail
  4248 | D:4      | Identified a +0 short sword
  4252 | D:4      | Reached skill level 4 in Polearms
  4473 | D:4      | Found Uther's Distillery.
  4550 | D:4      | Found a sparkling altar of Nemelex Xobeh.
  4554 | D:4      | Identified a +0 trident (You found it on level 4 of the
                  | Dungeon)
  4627 | D:4      | Noticed a sky beast
  4663 | D:4      | Killed a sky beast
  4663 | D:4      | Gained mutation: You have a pair of small horns on your
                  | head. [demonic ancestry]
  4663 | D:4      | Reached XP level 7. HP: 39/46 MP: 4/11
  4793 | D:5      | Entered Level 5 of the Dungeon
  4793 | D:5      | Identified a +0 long sword
  4793 | D:5      | Identified a +0 chain mail
  4793 | D:5      | Identified a +0 club
  4793 | D:5      | Identified a +0 leather armour
  4793 | D:5      | Identified a +0 flail
  5143 | D:5      | Reached skill level 7 in Conjurations
  5416 | D:5      | Identified an uncursed ring of flight
  5439 | D:5      | Reached skill level 5 in Polearms
  5439 | D:5      | Reached skill level 4 in Spellcasting
  5521 | D:5      | Identified a +0 dagger
  5521 | D:5      | Identified a +0 ring mail
  5643 | D:5      | Identified a +0 giant club
  5659 | D:5      | Gained mutation: A weak demonic guardian rushes to your
                  | aid. [demonic ancestry]
  5659 | D:5      | Reached XP level 8. HP: 52/52 MP: 11/14
  5722 | D:6      | Learned a level 5 spell: Irradiate
  5728 | D:6      | Identified an amulet of guardian spirit (You found it on
                  | level 6 of the Dungeon)
  5816 | D:6      | Identified a potion of mutation
  5817 | D:6      | Identified 3 scrolls of enchant armour
  5818 | D:6      | Gained mutation: You are frail. (-10% HP) [potion of
                  | mutation]
  5818 | D:6      | Gained mutation: You have large cloven feet. [potion of
                  | mutation]
  5864 | D:6      | Found Jayponidd's Gadget Boutique.
  6138 | D:6      | Found a shadowy altar of Dithmenos.
  6139 | D:6      | Identified a scroll of fog
  6140 | D:6      | Identified a scroll of enchant weapon
  6171 | D:6      | Identified a +0 club
  6171 | D:6      | Identified a +0 leather armour
  6171 | D:6      | Identified a cursed +0 dagger
  6172 | D:6      | Identified a +0 flail
  6173 | D:6      | Identified a +0 club
  6268 | D:6      | Reached skill level 5 in Spellcasting
  6273 | D:6      | Reached skill level 6 in Spellcasting
  6434 | D:6      | Identified a +0 spear
  6434 | D:6      | Identified a +0 ring mail
  6434 | D:6      | Identified a +0 buckler
  6434 | D:6      | Identified a +0 halberd
  6441 | D:6      | Reached skill level 6 in Polearms
  6479 | D:6      | Identified a +0 spear
  6544 | D:6      | Found an ancient bone altar of Kikubaaqudgha.
  6944 | D:7      | Identified a +0 giant spiked club
  6944 | D:7      | Identified a +0 giant spiked club
  6944 | D:7      | Noticed a two-headed ogre
  6957 | D:7      | Killed a two-headed ogre
  6957 | D:7      | Reached skill level 7 in Spellcasting
  6957 | D:7      | Reached XP level 9. HP: 21/51 MP: 3/20
  6969 | D:7      | HP: 11/51 [shadow imp (2)]
  7033 | D:7      | Noticed a troll
  7037 | D:7      | Killed a troll
  7037 | D:7      | Reached skill level 7 in Polearms
  7044 | D:7      | Identified a +3 great sword
  7044 | D:7      | Identified a +3 ring mail
  7044 | D:7      | Noticed a tengu warrior
  7075 | D:7      | HP: 12/51 [tengu warrior/+3 great sword (12)]
  7089 | D:7      | Identified a +0 war axe
  7089 | D:7      | Identified a +0 chain mail
  7091 | D:7      | HP: 8/51 [tengu warrior/+3 great sword (6)]
  7091 | D:7      | HP: 2/51 [tengu warrior/+3 great sword (6)]
  7091 | D:7      | Slain by a tengu warrior

Table legend:
 A = Turns spent in this place as a percentage of turns spent in the entire game.
 B = Non-inter-level travel turns spent in this place as a percentage of non-inter-level travel turns spent in the entire game.
 C = Inter-level travel turns spent in this place as a percentage of turns spent in this place.
 D = Turns resting spent in this place as a percentage of non-inter-level travel turns spent in this place.
 E = Turns spent auto-exploring this place as a percentage of non-inter-level travel turns spent in this place.
 F = Non-inter-level travel turns spent in this place divided by the number of levels of this place that you've seen.
                   A       B       C       D       E      F
               +-------+-------+-------+-------+-------+----------------------
         Total | 100.0 | 100.0 |   1.8 |   1.1 |  80.1 | 994.3
       Dungeon | 100.0 | 100.0 |   1.8 |   1.1 |  80.1 | 994.3
               +-------+-------+-------+-------+-------+----------------------

Table legend:
 A = Kills in this place as a percentage of kills in entire the game.
 B = Kills by you in this place as a percentage of kills by you in the entire game.
 C = Kills by friends in this place as a percentage of kills by friends in the entire game.
 D = Other kills in this place as a percentage of other kills in the entire game.
 E = Experience gained in this place as a percentage of experience gained in the entire game.
 F = Experience gained in this place divided by the number of levels of this place that you have seen.
                   A       B       C       D       E      F
               +-------+-------+-------+-------+-------+----------------------
         Total | 100.0 | 100.0 | 100.0 |   N/A | 100.0 | 538.7
       Dungeon | 100.0 | 100.0 | 100.0 |   N/A | 100.0 | 538.7
               +-------+-------+-------+-------+-------+----------------------

Skill      XL: |  1  2  3  4  5  6  7  8  9 |
---------------+----------------------------+-----
Conjurations   | 5 6 7 |  7.3
Polearms       | 1 2 3 4 5 6 7 |  7.1
Spellcasting   | 3 4 7 |  7.6
Dodging        | |  1.7
Stealth        | |  2.0

Action                   |  1- 3 |  4- 6 |  7- 9 || total
-------------------------+-------+-------+-------++-------
Melee: Unarmed           |     7 |       |       ||     7
       Spear             |    60 |   125 |       ||   185
       Hand axe          |     3 |       |       ||     3
       Trident           |       |       |    26 ||    26
       Dagger            |       |       |    26 ||    26
       Headbutt          |       |       |     8 ||     8
       Kick              |       |       |     4 ||     4
 Fire: Blowgun           |       |    36 |    29 ||    65
 Cast: Magic Dart        |    65 |    79 |    39 ||   183
       Searing Ray       |       |     4 |    12 ||    16
       Iskenderun's Myst |       |    10 |    10 ||    20
Evoke: Wand              |       |       |     4 ||     4
  Use: Scroll            |     5 |     6 |     4 ||    15
       Potion            |       |       |     1 ||     1
 Stab: Sleeping          |     7 |     2 |       ||     9
       Paralysed         |       |     1 |       ||     1
  Eat: Chunk             |     6 |    15 |       ||    21
       Ration            |       |       |     3 ||     3
Armor: Robe              |    10 |    47 |    22 ||    79
Dodge: Dodged            |    32 |    87 |    51 ||   170

Vanquished Creatures
  A two-headed ogre (D:7)
  A troll (D:7)
  3 yaks (D:6)
  2 sky beasts
  An orc warrior (D:5)
  A phantom (D:5)
  3 ogres
  A bullfrog (D:6)
  A gnoll sergeant (D:6)
  A scorpion (D:5)
  A crimson imp (D:7)
  2 centaur skeletons
  2 orc priests (D:5)
  2 hounds
  4 orc wizards
  An iguana (D:6)
  A hound zombie (D:7)
  2 hound skeletons
  Robin (D:3)
  A howler monkey skeleton (D:4)
  3 gnolls (D:6)
  8 adders
  2 shadow imps
  2 oozes (D:2)
  5 worms
  5 dart slugs
  4 leopard geckos
  19 orcs
  5 giant cockroaches
  13 hobgoblins
  7 jackals
  8 kobolds
  A ball python (D:4)
  7 bats
  2 frilled lizards
  15 goblins
  9 rats
147 creatures vanquished.

Vanquished Creatures (collateral kills)
  A bullfrog (D:7)
1 creature vanquished.

Grand Total: 148 creatures vanquished
